 Dungeon Crawl Stone Soup version 0.28-a0-863-g8cecda6153 (webtiles) character file.

Game seed: 9523240145744238741

101 Rennog the Firebug (level 4, -3/27 HPs)
             Began as an Octopode Fire Elementalist on Nov 17, 2021.
             Slain by an orc (4 damage)
             ... on level 3 of the Dungeon.
             The game lasted 00:03:29 (2751 turns).

Rennog the Firebug (Octopode Fire Elementalist)     Turns: 2751, Time: 00:03:29

Health: -3/27      AC:  1    Str:  7    XL:     4   Next: 75%
Magic:  17/17      EV: 13    Int: 18    God:
Gold:   61         SH:  0    Dex: 12    Spells: 6/9 levels left

rFire   . . .      SeeInvis .   f - +0 dagger (elec)
rCold   . . .      Faith    .   (no shield)
rNeg    . . .      Spirit   .   (helmet restricted)
rPois   .          Reflect  .   (no amulet)
rElec   .          Harm     .   b - ring of magical power
rCorr   .          Rampage  .   (no ring)
Will    .....                   (no ring)
Stlth   +++.......              (no ring)
HPRegen 0.09/turn               (no ring)
MPRegen 0.15/turn               (no ring)
                                (no ring)
                                (no ring)

@: lethally poisoned (-3 -> -9)
A: almost no armour, amphibious, 8 rings, camouflage 1, gelatinous body 1,
(nimble swimmer 1), tentacles
a: no special abilities


You were on level 3 of the Dungeon.
You visited 1 branch of the dungeon, and saw 3 of its levels.

You collected 141 gold pieces.
You spent 80 gold pieces at shops.

Inventory:

Hand Weapons
 d - a +0 short sword
 f - a +0 dagger of electrocution (weapon)
Missiles
 m - a throwing net
Jewellery
 b - a ring of magical power (left tentacle)
 h - an amulet of reflection
 l - a ring of resist corrosion
Scrolls
 c - a scroll of teleportation {unknown}
 e - 3 scrolls of enchant armour {unknown}
 g - a scroll of holy word {unknown}
 j - a scroll of acquirement {unknown}
 k - a scroll of noise {unknown}
Potions
 a - 2 potions of heal wounds
 i - a potion of lignification {unknown}
 n - 3 potions of curing


   Skills:
 - Level 2.0 Dodging
 - Level 2.6 Stealth
 + Level 3.0 Spellcasting
 + Level 2.5 Conjurations
 + Level 3.9 Fire Magic


You had 6 spell levels left.
You knew the following spells:

 Your Spells              Type           Power      Damage    Failure   Level
a - Foxfire               Conj/Fire      56%        2x1d6     4%          1
b - Scorch                Fire           32%        2d7       4%          2

Your spell library contained the following spells:

 Spells                   Type           Power      Damage    Failure   Level
 Conjure Flame            Conj/Fire      14%        6-21      13%         3
 Inner Flame              Hex/Fire       9%         N/A       22%         3
 Flame Wave               Conj/Fire      14%        3d5       38%         4
 Call Canine Familiar     Summ           2%         N/A       43%         3
 Portal Projectile        Hex/Tloc       4%         N/A       43%         3
 Leda's Liquefaction      Hex/Erth       1%         N/A       85%         4
 Summon Ice Beast         Ice/Summ       2%         N/A       85%         4
 Summon Mana Viper        Hex/Summ       2%         N/A       99%         5
 Monstrous Menagerie      Summ           1%         N/A       100%        7


Dungeon Overview and Level Annotations

Branches:
Dungeon (3/15)

Altars:
Sif Muna

Shops:
D:2 [   D:3 !


Innate Abilities, Weirdness & Mutations

You cannot wear most types of armour.
You are amphibious.
You can wear up to eight rings at the same time.
Your skin changes colour to match your surroundings (Stealth+).
Your rubbery body absorbs attacks. (AC +1, EV +1)
((You are camouflaged near water. (Stealth+)))
You have tentacles for arms and can constrict up to eight enemies at once.


Message History

You hit the giant cockroach but do no damage.
You grab the giant cockroach.
Your squeeze misses the giant cockroach.
You constrict the giant cockroach. The giant cockroach bites you.
You hit the giant cockroach.
You squeeze the giant cockroach, but do no damage.
The giant cockroach is severely wounded.
You constrict the giant cockroach.
You kill the giant cockroach!
An adder and an orc come into view.
Found 23 stones.
The adder hisses angrily.
The orc wizard shouts!
The orc shouts!
The adder barely misses you. The orc barely misses you.
The orc wizard closely misses you. The adder barely misses you.
You barely miss the orc wizard. You grab the orc wizard.
You constrict the orc wizard, but do no damage.
The adder completely misses you. The orc hits you with a +0 hand axe.
The orc wizard hits you with a +0 dagger.
You hit the orc wizard but do no damage.
Lightning courses through the orc wizard!
The orc wizard is severely wounded.
You constrict the orc wizard. The orc hits you with a +0 hand axe.
The adder closely misses you. The orc misses you.
The orc wizard hits you with a +0 dagger.
You are too injured to fight recklessly!
You are too injured to fight recklessly!
You are too injured to fight recklessly!
You are too injured to fight recklessly!
You are too injured to fight recklessly!
There are monsters nearby!
You release your grip on the orc wizard.
The orc wizard gestures at you while chanting.
The magic dart hits you.
* * * LOW HITPOINT WARNING * * *
The adder misses you. The adder bites you.
* * * LOW HITPOINT WARNING * * *
You are lethally poisoned!
The adder poisons you! The orc hits you with a +0 hand axe.
You die...

#.#
#..⌠.⌠.##.##.#....#
#.####.####...........
..#....# ###.....#.#
###.#### #.......#
###.# #.†.....# ....#
#...#..## #####
#......#.## #
#.....##.# #....##@.#
#...##So.# #..##...o#
#.##.o...# #......#
#......## #.....##
#...(.## #....##


You could see an orc wizard, an adder and 2 orcs.

Vanquished Creatures
  3 gnolls (D:2)
  An adder (D:2)
  4 worms
  2 dart slugs (D:2)
  5 ball pythons
  6 bats
  3 endoplasms
  2 giant cockroaches
  5 goblins
  3 hobgoblins
  3 kobolds
  3 quokkas
  A frilled lizard (D:2)
  8 rats
49 creatures vanquished.

Vanquished Creatures (others)
  94 foxfires
94 creatures vanquished.

Grand Total: 143 creatures vanquished

Notes
Turn   | Place    | Note
-------+----------+-------------------------------------------
     0 | D:1      | Rennog the Octopode Fire Elementalist began the quest for
                  | the Orb.
     0 | D:1      | Reached XP level 1. HP: 11/11 MP: 3/3
   132 | D:1      | Reached XP level 2. HP: 10/17 MP: 0/5
   412 | D:1      | Found a faded altar of an unknown god.
   813 | D:1      | Learned a level 2 spell: Scorch
  1401 | D:2      | Reached XP level 3. HP: 21/21 MP: 6/6
  1403 | D:2      | Found Weabefes's Armour Shop.
  1922 | D:2      | Reached XP level 4. HP: 27/27 MP: 8/8
  2082 | D:2      | Found a shimmering blue altar of Sif Muna.
  2655 | D:3      | Found Mokhi's Distillery.
  2691 | D:3      | Bought a potion of heal wounds for 50 gold pieces
  2691 | D:3      | Bought a potion of curing for 30 gold pieces
  2751 | D:3      | HP: 1/27 [adder (5)]
  2751 | D:3      | Slain by an orc

Illustrated notes

Levels and vault maps discovered:
D:1:      psy_arrival_radial02, layout_loops_ring,
          hellmonk_ecumenical_altar_blasted, minmay_tall_x
D:2:      layout_basic, basic_altar, serial_shops, shop,
          minmay_randomly_rotated_circles
D:3:      layout_rooms, gammafunk_ghost_smash, serial_shops, shop_fountains,
          grunt_decor_arrowhead, nrook_mini_backslash, uniq_crazy_yiuf_cottage

Skill      XL: |  1  2  3  4 |
---------------+-------------+-----
Conjurations   | 2 |  2.5
Spellcasting   | 3 |  3.0
Dodging        | |  2.0
Stealth        | |  2.6
Fire Magic     | |  3.9

Action                   |  1- 3 |  4- 6 || total
-------------------------+-------+-------++-------
Melee: Unarmed           |    11 |       ||    11
       Short sword       |    10 |       ||    10
       Tentacles         |     8 |     3 ||    11
       Constrict         |     7 |     4 ||    11
       Dagger            |    16 |    20 ||    36
 Cast: Foxfire           |    50 |     9 ||    59
       Scorch            |     2 |     5 ||     7
 Stab: Sleeping          |     4 |     4 ||     8
       Distracted        |     1 |       ||     1
Armor: Skin              |     1 |       ||     1
Dodge: Dodged            |    27 |    16 ||    43

Table legend: (Time is in decaauts)
 A = Elapsed time spent in this place.
 B = Non-inter-level travel time spent in this place.
 C = Inter-level travel time spent in this place.
 D = Time resting spent in this place.
 E = Time spent auto-exploring this place.
 F = Levels seen in this place.
 G = Mean time per level.
                   A        B        C        D        E       F      G
               +--------+--------+--------+--------+--------+-----+--------+
         Total |   2749 |   2672 |     77 |      0 |   2318 |   3 |  916.3 |
       Dungeon |   2749 |   2672 |     77 |      0 |   2318 |   3 |  916.3 |
               +--------+--------+--------+--------+--------+-----+--------+

Top non-repeatable levels by time:
     D:1: 1396 daAuts
     D:2: 1225 daAuts
     D:3: 127 daAuts
